 Dungeon Crawl Stone Soup version 0.22.1-1-ga44c0e5 (webtiles) character file.

8026 mandick the Transmogrifier (level 11, -2/101 HPs)
             Began as a Yellow Draconian Transmuter on Sept 29, 2018.
             Was an Initiate of Gozag.
             Slain by a two-headed ogre
             ... wielding a cursed +0 giant club
              (14 damage)
             ... on level 10 of the Dungeon on Sept 30, 2018.
             The game lasted 00:51:37 (11593 turns).

mandick the Transmogrifier (DrTm)                  Turns: 11593, Time: 00:51:38

Health: -2/101     AC: 13    Str: 20    XL:     11   Next: 4%
Magic:  10/14      EV: 24    Int: 14    God:    Gozag
Gold:   927        SH:  0    Dex: 16    Spells: 6/14 levels left

rFire    . . .     SeeInvis +   y - +9 rapier of Experimentation {pierce, MR+ Str+4 SInv}
rCold    . . .     Gourm    .   (no shield)
rNeg     . . .     Faith    .   (armour unavailable)
rPois    .         Spirit   .   (helmet restricted)
rElec    .         Reflect  .   d - +2 cloak
rCorr    +         Harm     .   (no gloves)
MR       ++...                  E - +2 pair of boots
Stlth    ++........             (no amulet)
HPRegen  0.26/turn              u - +6 ring of evasion
MPRegen  0.14/turn              w - ring of protection from magic

@: agile, gold aura
A: spit acid, acid resistance, unfitting armour, cold-blooded, AC +7
a: Breathe Acid, Potion Petition, Call Merchant, Bribe Branch, Renounce Religion


You were on level 10 of the Dungeon.
You worshipped Gozag.
Gozag was pleased with you.
You were hungry.

You visited 2 branches of the dungeon, and saw 11 of its levels.

You collected 1059 gold pieces.
You paid 132 gold pieces to Gozag.

Inventory:

Hand Weapons
 y - the +9 rapier of Experimentation (weapon) {pierce, MR+ Str+4 SInv}
   (You found it on level 7 of the Dungeon)

   It inflicts extra damage upon your enemies.
   It affects your strength (+4).
   It affects your resistance to hostile enchantments.
   It lets you see invisible.
Missiles
 a - 126 arrows
 m - 6 tomahawks (quivered)
Armour
 d - a +2 cloak (worn)
 l - a +0 pair of boots
 E - a +2 pair of boots (worn)
Jewellery
 u - a +6 ring of evasion (left hand)
 w - a ring of protection from magic (right hand)
 x - an uncursed ring of positive energy
Wands
 p - a wand of polymorph (6)
 B - a wand of disintegration (17)
 C - a wand of iceblast (8)
Scrolls
 e - 3 scrolls of blinking
 g - 3 scrolls of fear
 i - a scroll of amnesia
 k - 5 scrolls of remove curse
 o - 3 scrolls of teleportation
 v - a scroll of fog {unknown}
Potions
 b - a potion of might
 f - a potion of cancellation
 h - a potion of curing
 j - a potion of ambrosia {unknown}
 n - a potion of heal wounds {unknown}
 q - 3 potions of flight {unknown}
 s - a potion of haste
 t - a potion of lignification {unknown}
 z - a potion of magic {unknown}
 A - a potion of mutation {unknown}
 D - 2 potions of brilliance {unknown}
Comestibles
 c - 12 rations


   Skills:
 + Level 10.4 Fighting
 - Level 2.0 Dodging
 + Level 8.2 Unarmed Combat
 - Level 2.1 Spellcasting
 * Level 11.9 Transmutations


You had 6 spell levels left.
You knew the following spells:

 Your Spells              Type           Power        Failure   Level  Hunger
a - Beastly Appendage     Tmut           ####..       1%          1    #......
b - Sticks to Snakes      Tmut           ####....     1%          2    ###....
c - Blade Hands           Tmut           ####......   4%          5    ######.

Your spell library contained the following spells:

 Spells                   Type           Power        Failure   Level  Hunger
 Spider Form              Tmut/Pois      ###.......   6%          3    ###....
 Ice Form                 Ice/Tmut       ###.....     21%         4    #####..
 Petrify                  Tmut/Erth      ###.....     21%         4    #####..
 Confusing Touch          Hex            #.....       24%         1    #......
 Sting                    Conj/Pois      #...         24%         1    #......
 Poisonous Vapours        Pois/Air       #.....       34%         2    ###....
 Yara's Violent Unravell  Hex/Tmut       ###.......   50%         5    ######.
 Confuse                  Hex            #.......     56%         3    ###....
 Gell's Gravitas          Tloc           #.........   56%         3    ###....
 Mephitic Cloud           Conj/Pois/Air  #.......     56%         3    ###....
 Olgreb's Toxic Radiance  Pois           #.......     93%         4    #####..
 Metabolic Englaciation   Hex/Ice        #.........   100%        5    ######.
 Venom Bolt               Conj/Pois      #.........   100%        5    ######.


Dungeon Overview and Level Annotations

Branches:
Dungeon (10/15)            Temple (1/1) D:7
   Lair: D:8-11         Orc: D:9-12

Altars:
Ashenzari
Dithmenos
Elyvilon
Gozag
Hepliaklqana
Kikubaaqudgha
Makhleb
Nemelex Xobeh
Ru
Sif Muna
Uskayaw
Vehumet
Wu Jian
The Shining One

Shops:
D:6 *   D:8 =

Annotations:
D:3 3 runed doors, tifemel's ghost, amateur CeHu
D:7 2 transporters


Innate Abilities, Weirdness & Mutations

You can spit globs of acid.
You are resistant to acid.
Your golden yellow scales are hard. (AC +7)
You cannot fit into any form of body armour.
You are cold-blooded and may be slowed by cold attacks.


Message History

You puncture the two-headed ogre!
The two-headed ogre is heavily wounded.
The two-headed ogre hits you with a giant club!!
* * * LOW HITPOINT WARNING * * *
The two-headed ogre hits you with a giant club!
* * * LOW HITPOINT WARNING * * *
Okay, then.
Casting: Sticks to Snakes (safe; 1% risk of failure)
Confirm with . or Enter, or press ? or * to list all spells.
You create a snake!
You now have 126 arrows.
The two-headed ogre is distracted by the nearby gold.
You hit the two-headed ogre.
The two-headed ogre is no longer distracted by gold.
You tail-slap the two-headed ogre.
The two-headed ogre is severely wounded.
Your adder bites the two-headed ogre.
The two-headed ogre is poisoned.
Your adder poisons the two-headed ogre!
The two-headed ogre barely misses you.
The two-headed ogre hits you with a giant club!
You die...
Your body crumbles into a pile of gold.

[.... ....
...?....(.#
$
........(#
...#(...#
..#....#
#.#....#
#$$....#
#$O(...##
#@$S....# #
#(?.....# #
#.(###..##
. ...## ..#
. ...# ..#
# $ ##.. ..
##) . #


You could see a two-headed ogre and a friendly adder.

Vanquished Creatures
  The ghost of ThePrince the Transmogrifier, a journeyman DrTm of Okawaru (D:8)
  3 two-headed ogres
  Pikel (D:8)
  Maurice (D:9)
  A gargoyle (D:9)
  A troll (D:9)
  2 hippogriffs
  Sigmund (D:2)
  A hungry ghost (D:9)
  2 ice beasts
  2 sky beasts
  4 slaves (D:8)
  A black bear (D:6)
  3 ogres
  5 centaurs
  A crocodile (D:9)
  A big kobold (D:9)
  5 bullfrogs
  3 scorpions
  A wyvern skeleton (D:10)
  9 wights
  12 killer bees
  4 howler monkeys
  A centaur zombie (D:8)
  5 hounds
  4 orc priests
  5 orc wizards
  A bullfrog skeleton (D:9)
  2 iguanas
  Terence (D:2)
  6 worker ants
  A hound skeleton (D:5)
  A howler monkey zombie (D:9)
  2 worker ant zombies (D:8)
  5 adders
  2 shadow imps
  2 adder zombies
  2 oozes
  2 adder skeletons
  2 worms (D:2)
  A dart slug (D:1)
  5 leopard geckos
  30 orcs
  8 giant cockroaches
  8 hobgoblins
  11 jackals
  10 kobolds
  6 quokkas
  A ball python (D:2)
  A ball python skeleton (D:4)
  8 bats
  7 frilled lizards
  6 goblins
  2 jackal skeletons (D:7)
  2 quokka skeletons
  2 quokka zombies
  9 rats
226 creatures vanquished.

Vanquished Creatures (collateral kills)
  An ogre (D:9)
  An orc wizard (D:4)
  3 adders
  An orc (D:9)
6 creatures vanquished.

Vanquished Creatures (others)
  2 fungi (D:3)
  2 plants (D:3)
4 creatures vanquished.

Grand Total: 236 creatures vanquished

Notes
Turn   | Place    | Note
-------+----------+-------------------------------------------
     0 | D:1      | mandick the Draconian Transmuter began the quest for the
                  | Orb.
     0 | D:1      | Reached XP level 1. HP: 16/16 MP: 3/3
   147 | D:1      | Reached XP level 2. HP: 11/23 MP: 5/5
   910 | D:2      | Reached XP level 3. HP: 25/29 MP: 6/6
   979 | D:2      | Noticed Terence
   987 | D:2      | Killed Terence
  1028 | D:2      | Reached XP level 4. HP: 30/37 MP: 7/7
  1355 | D:2      | Reached skill level 3 in Transmutations
  1732 | D:2      | Noticed Sigmund
  1751 | D:2      | Killed Sigmund
  1751 | D:2      | Reached XP level 5. HP: 26/45 MP: 8/8
  2404 | D:3      | Found a runed gate.
  2404 | D:3      | Found a runed gate.
  2406 | D:3      | Found a runed gate.
  2410 | D:3      | Noticed tifemel's ghost (amateur CeHu)
  2777 | D:3      | Reached skill level 4 in Transmutations
  2777 | D:3      | Reached XP level 6. HP: 44/52 MP: 7/9
  2938 | D:3      | Learned a level 2 spell: Sticks to Snakes
  3859 | D:4      | Reached skill level 5 in Unarmed Combat
  3872 | D:4      | Your scales start taking on a golden yellow colour.
  3872 | D:4      | Reached XP level 7. HP: 50/60 MP: 8/10
  3887 | D:4      | Got a fine hand axe
  3889 | D:4      | Identified the cursed +0 hand axe of the Several Songs
                  | {chop, *Drain rC++ Int+6} (You found it on level 4 of the
                  | Dungeon)
  4359 | D:5      | Entered Level 5 of the Dungeon
  4522 | D:5      | Reached skill level 5 in Fighting
  4522 | D:5      | Reached skill level 5 in Transmutations
  5997 | D:6      | Reached XP level 8. HP: 60/70 MP: 11/11
  6049 | D:6      | Reached skill level 6 in Transmutations
  6363 | D:6      | Found Atiff's Assorted Antiques.
  6511 | D:7      | Found a transporter.
  6513 | D:7      | Noticed a black mamba
  6539 | D:7      | Noticed a jumping spider
  6539 | D:7      | a black mamba changed into a jumping spider
  6697 | D:7      | Got a slimy rapier
  6698 | D:7      | Identified the +9 rapier of Experimentation {pierce, MR+
                  | Str+4 SInv} (You found it on level 7 of the Dungeon)
  6758 | D:7      | Noticed a hippogriff
  6769 | D:7      | Killed a hippogriff
  6769 | D:7      | Reached skill level 7 in Transmutations
  7078 | D:7      | Found a staircase to the Ecumenical Temple.
  7085 | Temple   | Entered the Ecumenical Temple
  7218 | Temple   | Became a worshipper of Gozag Ym Sagoz the Greedy
  7250 | D:7      | Found an ornate altar of the Wu Jian Council.
  7259 | D:7      | Found a transporter.
  7575 | D:7      | Noticed a yaktaur
  7948 | D:8      | Noticed a two-headed ogre
  7966 | D:8      | HP: 3/73 [two-headed ogre/giant club (17)]
  7967 | D:8      | Killed a two-headed ogre
  7967 | D:8      | Reached skill level 8 in Transmutations
  7967 | D:8      | Reached XP level 9. HP: 3/81 MP: 7/12
  8349 | D:8      | Found a runed door.
  8349 | D:8      | Noticed ThePrince's ghost (journeyman DrTm)
  8370 | D:8      | Learned a level 5 spell: Blade Hands
  8786 | D:8      | Killed ThePrince's ghost
  8786 | D:8      | Reached skill level 9 in Transmutations
  9036 | D:8      | Noticed Pikel
  9072 | D:8      | Killed Pikel
  9286 | D:8      | Found an ancient bone altar of Kikubaaqudgha.
  9349 | D:8      | Found Modymoej's Jewellery Shoppe.
  9587 | D:8      | Reached XP level 10. HP: 91/91 MP: 13/13
  9782 | D:9      | Noticed a two-headed ogre
  9795 | D:9      | Killed a two-headed ogre
  9795 | D:9      | Reached skill level 10 in Transmutations
  9855 | D:9      | Found an opulent altar of Gozag.
 10402 | D:9      | Noticed Maurice
 11005 | D:9      | Killed Maurice
 11005 | D:9      | Reached skill level 11 in Transmutations
 11102 | D:10     | Entered Level 10 of the Dungeon
 11108 | D:10     | Reached skill level 10 in Fighting
 11174 | D:10     | Noticed a gargoyle
 11278 | D:7      | Noticed an unseen horror
 11278 | D:7      | a rime drake changed into an unseen horror
 11296 | D:7      | an unseen horror changed into a hornet
 11297 | D:7      | Noticed a harpy
 11297 | D:7      | a hornet changed into a harpy
 11298 | D:7      | a harpy changed into a wind drake
 11323 | D:7      | Noticed a swamp dragon
 11323 | D:7      | a wind drake changed into a swamp dragon
 11408 | D:9      | Killed a gargoyle
 11567 | D:10     | Noticed a two-headed ogre
 11577 | D:10     | Noticed a two-headed ogre
 11580 | D:10     | Killed a two-headed ogre
 11580 | D:10     | Reached XP level 11. HP: 60/101 MP: 10/14
 11593 | D:10     | Slain by a two-headed ogre

Skill      XL: |  1  2  3  4  5  6  7  8  9 10 |
---------------+-------------------------------+-----
Dodging        | 2 |  2.0
Fighting       | 2 3 4 6 8 9 10 | 10.4
Transmutations | 3 4 5 8 9 11 | 11.9
Unarmed Combat | 4 5 6 7 8 |  8.2
Spellcasting   | |  2.1

Action                   |  1- 3 |  4- 6 |  7- 9 | 10-12 || total
-------------------------+-------+-------+-------+-------++-------
Melee: Unarmed           |   116 |   274 |   104 |    40 ||   534
       Tailslap          |     5 |    30 |    36 |    25 ||    96
       Punch             |     1 |     3 |     9 |     8 ||    21
       Headbutt          |     2 |    20 |    15 |     5 ||    42
       Hand axe          |       |       |   121 |       ||   121
       Rapier            |       |       |   162 |   128 ||   290
Throw: Tomahawk          |       |     9 |       |     3 ||    12
 Cast: Beastly Appendage |     1 |    14 |     9 |     2 ||    26
       Sticks to Snakes  |       |     4 |    20 |    16 ||    40
       Blade Hands       |       |       |       |     4 ||     4
 Abil: Breathe Acid      |       |       |     1 |     1 ||     2
Evoke: Wand              |       |       |       |     6 ||     6
  Use: Potion            |       |     2 |       |     2 ||     4
       Scroll            |       |     1 |    15 |       ||    16
 Stab: Sleeping          |       |     1 |     2 |       ||     3
       Distracted        |       |     1 |     1 |     2 ||     4
  Eat: Chunk             |       |    10 |    11 |       ||    21
       Ration            |       |       |     3 |     3 ||     6
Armor: Skin              |    47 |    87 |   148 |    57 ||   339
Dodge: Dodged            |    80 |   159 |   233 |   284 ||   756
